 Dungeon Crawl Stone Soup version 0.24-a0-654-g80d7c3d (webtiles) character file.

Game seed: 13223562826889168395, levelgen mode: deterministic

474 snetch the Conjurer (level 7, 0/40 HPs)
             Began as a Tengu Conjurer on Sept 27, 2019.
             Slain by Pikel
             ... wielding a +0 whip of freezing
              (1 damage)
             ... on level 4 of the Dungeon.
             The game lasted 00:16:09 (3344 turns).

snetch the Conjurer (Tengu Conjurer)                Turns: 3344, Time: 00:16:09

Health: 0/40       AC:  5    Str:  6    XL:     7   Next: 10%
Magic:  2/13       EV: 12    Int: 17    God:
Gold:   155        SH:  0    Dex: 14    Spells: 3/13 levels left

rFire    . . .     SeeInvis .   H - +0 mace (drain)
rCold    + . .     Gourm    .   (no shield)
rNeg     . . .     Faith    .   I - +0 ring mail (curse)
rPois    .         Spirit   .   (helmet restricted)
rElec    .         Reflect  .   (no cloak)
rCorr    .         Harm     .   (no gloves)
MR       .....                  (boots unavailable)
Stlth    ++........             C - amulet of magic regeneration
HPRegen  0.13/turn              t - ring of protection from cold
MPRegen  0.38/turn              y - -3 ring of strength (curse)

@: flying quickly and evasively, quick
A: beak, talons 3, able to fly
a: Stop Flying


You were on level 4 of the Dungeon.
You were very hungry.

You visited 1 branch of the dungeon, and saw 5 of its levels.

You collected 155 gold pieces.

Inventory:

Hand Weapons
 a - a +0 spear
 D - a +0 flail
 H - a +0 mace of draining (weapon)
Missiles
 f - 48 arrows
 g - 131 stones (quivered)
 k - 37 sling bullets
 E - 4 boomerangs
Armour
 e - a +0 chain mail
 o - a +0 leather armour
 v - a +0 ring mail
 F - a +0 chain mail
 I - a cursed +0 ring mail (worn)
Jewellery
 t - a ring of protection from cold (left hand)
 y - a cursed -3 ring of strength (right hand)
 C - an amulet of magic regeneration (around neck)
Wands
 w - a wand of paralysis (13)
Scrolls
 b - a scroll of fog {unknown}
 i - 3 scrolls of magic mapping {unknown}
 l - a scroll of enchant weapon {unknown}
 m - 2 scrolls of teleportation {unknown}
 p - 3 scrolls of identify {unknown}
 q - a scroll of fear {unknown}
 r - a scroll of immolation {unknown}
 u - 3 scrolls of amnesia {unknown}
 z - a scroll of enchant armour {unknown}
Potions
 d - 2 potions of haste {unknown}
 h - a potion of invisibility {unknown}
 j - 2 potions of curing {unknown}
 n - a potion of lignification {unknown}
 s - a potion of might {unknown}
 x - a potion of resistance {unknown}
 B - a potion of degeneration {unknown}
 G - a potion of brilliance {unknown}
Comestibles
 c - 8 rations


   Skills:
 * Level 2.3 Fighting
 + Level 2.5 Armour
 + Level 3.0 Dodging
 + Level 2.7 Stealth
 + Level 3.7 Spellcasting
 + Level 7.8 Conjurations


You had 3 spell levels left.
You knew the following spells:

 Your Spells              Type           Power        Failure   Level  Hunger
a - Magic Dart            Conj           ####         2%          1    None
b - Searing Ray           Conj           ####..       3%          2    ##.....
c - Dazzling Spray        Conj/Hex       ###...       36%         3    ###....
d - Iskenderun's Mystic   Conj           ####....     24%         4    ####...

Your spell library contained the following spells:

 Spells                   Type           Power        Failure   Level  Hunger
 Force Lance              Conj/Tloc      ###.....     77%         4    ####...
 Fulminant Prism          Conj/Hex       ###.......   77%         4    ####...


Dungeon Overview and Level Annotations

Branches:
Dungeon (5/15)
 Temple: D:4-7

Altars:
Cheibriados
Fedhas
The Shining One

Shops:
D:4 (

Annotations:
D:4 Pikel


Innate Abilities, Weirdness & Mutations

You have a beak for a mouth.
You have claws for feet.
You can fly continuously.


Message History

Pikel says, "Slavery isn't that bad."
Casting: Searing Ray (safe; 3% risk of failure)
Confirm with . or Enter, or press ? or * to list all spells.
Aiming: Iskenderun's Mystic Blast (slightly dangerous; 24% risk of failure)
Press: ? - help, Shift-Dir - straight line, f/p - Pikel
Aim: Pikel, wielding a +0 whip of freezing and wearing a +0 robe (moderately wounded)
The orb of energy hits Pikel!
Pikel is severely wounded.
You are feeling very hungry.
All of the chunks of flesh in your inventory have rotted away.
You hit Pikel but do no damage. You claw Pikel.
Pikel is severely wounded.
Pikel hits you with a +0 whip of freezing.
* * * LOW HITPOINT WARNING * * *
You hit Pikel. You claw Pikel, but do no damage. Your peck misses Pikel.
Pikel is almost dead.
Pikel hits you with a +0 whip of freezing.
* * * LOW HITPOINT WARNING * * *
Pikel freezes you.
You die...

.....#.####.####....+......#
#####.....##.####....#......####
...............................#
.#####.#.##..#######......#...#
#.#.....# #..##.##...# #.#.###.#
#..##.##...## #†#.# #.#
#####..##.##.....
#.###.#####.###................
#.........p.pK@......##.####...
#.#..##.########.##.......######.
.........p.p....................>
#.#..##.###....#.##.....#######..
..#..##.# ##.#.##.##..##....#..
#.#..##.# #.##.#.##.##.....##.#..
........###.##.........#...##.#.#
#.#...#.......#####.##.#...##...#
#.................#.##.##..####.#


You could see Pikel and 2 slaves.

Vanquished Creatures
  2 slaves (D:4)
  A sky beast (D:4)
  A bullfrog (D:3)
  A centaur skeleton (D:4)
  Jessica (D:3)
  2 orc wizards (D:4)
  2 worker ants (D:4)
  7 adders
  An ooze (D:2)
  3 worms
  2 dart slugs (D:3)
  5 leopard geckos
  8 orcs
  4 giant cockroaches
  8 goblins
  3 hobgoblins (D:1)
  3 jackals (D:1)
  7 kobolds
  2 quokkas
  15 bats
  4 frilled lizards
  9 rats
91 creatures vanquished.

Notes
Turn   | Place    | Note
-------+----------+-------------------------------------------
     0 | D:1      | snetch the Tengu Conjurer began the quest for the Orb.
     0 | D:1      | Reached XP level 1. HP: 10/10 MP: 4/4
    82 | D:1      | Reached XP level 2. HP: 15/15 MP: 0/6
   131 | D:1      | Learned a level 2 spell: Searing Ray
   224 | D:1      | Reached skill level 6 in Conjurations
   396 | D:1      | Reached XP level 3. HP: 15/19 MP: 3/7
   960 | D:1      | Learned a level 3 spell: Dazzling Spray
  1131 | D:2      | Found a glowing golden altar of the Shining One.
  1252 | D:2      | Reached XP level 4. HP: 24/24 MP: 2/8
  1424 | D:3      | Noticed Jessica
  1427 | D:3      | Killed Jessica
  1718 | D:3      | Reached skill level 7 in Conjurations
  1718 | D:3      | Gained mutation: You can fly continuously. [Tengu growth]
  1718 | D:3      | Reached XP level 5. HP: 28/28 MP: 6/10
  2185 | D:3      | Found a snail-covered altar of Cheibriados.
  2187 | D:3      | Reached skill level 1 in Armour
  2251 | D:3      | Reached skill level 1 in Fighting
  2350 | D:3      | Found a blossoming altar of Fedhas.
  2448 | D:4      | Reached XP level 6. HP: 25/34 MP: 11/11
  2457 | D:4      | Learned a level 4 spell: Iskenderun's Mystic Blast
  3023 | D:5      | Entered Level 5 of the Dungeon
  3154 | D:4      | Found Toazog's Weapon Boutique.
  3238 | D:4      | Noticed a slave
  3287 | D:4      | Noticed a sky beast
  3298 | D:4      | Killed a sky beast
  3298 | D:4      | Reached XP level 7. HP: 25/40 MP: 9/13
  3318 | D:4      | Noticed Pikel
  3344 | D:4      | HP: 1/40 [Pikel/+0 whip of freezing (4)]
  3344 | D:4      | Slain by Pikel

Levels and vault maps discovered:
D:1:      minmay_arrival_stone_box, layout_basic
D:2:      layout_basic, lemuel_round_altar, first_ration
D:3:      layout_loops_corners, kennysheep_slug_shrine,
          lemuel_coloured_pillars_altar, palyth_stone_intersect,
          kennysheep_generic_room_14, uniq_jessica
D:4:      layout_basic, serial_shops, kennysheep_little_box, uniq_pikel
D:5:      layout_cave_pods, grunt_temple_overflow_open,
          makhleb_altar_promises_db, minmay_temple_entry_antechambers,
          solitary_fountain

Skill      XL: |  1  2  3  4  5  6 |
---------------+-------------------+-----
Conjurations   | 6 7 |  7.8
Spellcasting   | 3 |  3.7
Armour         | 1 2 |  2.5
Fighting       | 1 2 |  2.3
Dodging        | 3 |  3.0
Stealth        | |  2.7

Action                   |  1- 3 |  4- 6 |  7- 9 || total
-------------------------+-------+-------+-------++-------
Melee: Unarmed           |    11 |       |       ||    11
       Kick              |    12 |    12 |     3 ||    27
       Peck              |     1 |    11 |     1 ||    13
       Dagger            |    12 |       |       ||    12
       Short sword       |     2 |       |       ||     2
       Spear             |       |    54 |       ||    54
       Flail             |       |     9 |       ||     9
       Mace              |       |     4 |     3 ||     7
 Cast: Magic Dart        |    43 |    59 |       ||   102
       Searing Ray       |     9 |     8 |     3 ||    20
       Iskenderun's Myst |       |     7 |     2 ||     9
 Abil: Fly               |       |     1 |       ||     1
 Stab: Sleeping          |       |     1 |       ||     1
  Eat: Chunk             |     2 |     8 |       ||    10
Armor: Robe              |     8 |       |       ||     8
       Leather armour    |       |     6 |       ||     6
       Ring mail         |       |     9 |     1 ||    10
Dodge: Dodged            |    27 |    61 |     3 ||    91

Table legend:
 A = Non-vault XP
 B = Vault XP
 C = Vault XP percentage of total XP
 D = Non-vault monster count
 E = Vault monster count
 F = Vault count percentage of total count
                 A         B        C        D         E       F
            +---------+---------+-------+---------+---------+-------
      Total |     634 |      44 |   6.5 |      86 |       3 |   3.4
            +---------+---------+-------+---------+---------+-------
        D:1 |      57 |       0 |   0.0 |      34 |       0 |   0.0
        D:2 |      51 |       0 |   0.0 |      17 |       0 |   0.0
        D:3 |     180 |      44 |  19.6 |      19 |       3 |  13.6
        D:4 |     346 |       0 |   0.0 |      16 |       0 |   0.0
            +---------+---------+-------+---------+---------+-------
